[Event "*** Titled Tuesday Blitz"]
[Site "Chess.com"]
[Date "2020.05.26"]
[Round "5"]
[White "JosefineHeinemann"]
[Black "EfM13"]
[Result "1-0"]
[WhiteElo "2508"]
[BlackElo "2309"]
[TimeControl "180+1"]
[EndTime "10:56:40 PDT"]
[Termination "JosefineHeinemann won by resignation"]

1. e4 g6 2. d4 Bg7 3. Nc3 d6 4.
Nf3 Nf6 5. Be2 O-O 6. O-O c6 7. a4 Qc7 8. Bg5 h6 9. Be3 e5 10. dxe5 dxe5 11. Bc4 Nbd7 12. h3 a5 13. Qc1 Kh7 14. Rd1 Ne8 15. Qd2 Ndf6 16. Bc5 Rg8 17. Bb3 b6 18. Be3 Rf8 19. Qd8 Qxd8 20. Rxd8 Nd7 21.
Bxf7 Rxf7 22. Rxe8 Bb7 23. Rxa8 Bxa8 24. Rd1 Bb7 25. Ne2 c5 26. Nc3 Bc6 27. Nd2 Nf6 28.
f3 Rd7 29. Kf2 Ne8 30. Nc4 Rxd1 31. Nxd1 Bxa4 32. b3 Bb5 33. Nxb6 Bf8 34. Nb2 Nc7 35. c4 Bc6 36. Nd3 Ne6 37. Nxe5 Bb7 38. Na4 Bg7 39. Nd3 Bc6 40. Naxc5 Nxc5 41. Nxc5 Bc3 42. Ke2 Kg7 43. Kd3 Bb4 44. Na4 Kf6 45. Bd4+ Ke6 46.
Bc3 Bd6 47. Bxa5 Bxa4 48. bxa4 1-0

[Event "*** Titled Tuesday Blitz"]
[Site "Chess.com"]
[Date "2020.05.26"]
[Round "5"]
[White "MMKZH22"]
[Black "seastar"]
[Result "1-0"]
[WhiteElo "2294"]
[BlackElo "2005"]
[TimeControl "180+1"]
[EndTime "10:56:40 PDT"]
[Termination "MMKZH22 won on time"]

1. Nf3 c5 2. c4 Nc6 3. Nc3 e6 4. d4 cxd4 5. Nxd4 Nge7 6. g3 d5 7. Bg2 g6 8. O-O Bg7 9. e3 O-O 10. cxd5 Nxd5 11. Nxd5 exd5 12. b3 Qb6 13. Bb2 Rd8 14.
Qd2 Nxd4 15. Bxd4 Bxd4 16. exd4 Bf5 17. Rfe1 Rac8 18. Rac1 Rxc1 19. Rxc1 Re8 20. Rc5 Be4 21. f3 Bf5 22. Rxd5 Qe6 23. Re5 Qc8 24. Rxe8+ Qxe8 25. d5 Bd7 26. Kf2 a6 27. Qe3 Qc8 28. f4 Qc2+ 29.
Qe2 Qc5+ 30. Ke1 Qc1+ 31. Qd1 Qc3+ 32. Qd2 Qa1+ 33. Kf2 Qf6 34. d6 Kg7 35. Bxb7 a5 36. Bf3 Qa1 37. Ke3 Qh1 38. Qd4+ 1-0

[Event "*** Titled Tuesday Blitz"]
[Site "Chess.com"]
[Date "2020.05.26"]
[Round "5"]
[White "politeplayer"]
[Black "m-garcett"]
[Result "1-0"]
[WhiteElo "2170"]
[BlackElo "1977"]
[TimeControl "180+1"]
[EndTime "10:56:40 PDT"]
[Termination "politeplayer won on time"]

1. e4 c5 2. Nf3 d6 3. d4 cxd4 4. Nxd4 Nf6 5. Nc3 a6 6. Bc4 e6 7. a4 Nbd7 8. Bxe6 fxe6 9. Nxe6 Qa5 10. Bd2 Qb6 11. a5 Qc6 12. Nd5 Nxd5 13. exd5 Qc4 14. Ra3 Nc5 15. Nc7+ Kd8 16. Nxa8 Qxd5 17. Nb6 Qxg2 18.
Qf3 Qg6 19. Nxc8 Kxc8 20. Kf1 Be7 21. Rg1 Qxc2 22. Bc3 Rf8 23. Qe2 Qb1+ 24. Kg2 Qg6+ 25. Kf1 Qb1+ 26. Be1 Ne4 27. Rxg7 Rxf2+ 28. Qxf2 Nxf2 29.
Rc3+ Kd8 30. Rg8+ Kd7 31. Kxf2 Qxb2+ 32. Kf1 Qb5+ 33. Kg1 Qxa5 34. Rg2 Qb6+ 35. Kh1 Qd4 36. Rcg3 1-0

[Event "*** Titled Tuesday Blitz"]
[Site "Chess.com"]
[Date "2020.05.26"]
[Round "5"]
[White "francyIM"]
[Black "PlayChessSimple"]
[Result "1-0"]
[WhiteElo "2712"]
[BlackElo "2502"]
[TimeControl "180+1"]
[EndTime "10:56:43 PDT"]
[Termination "francyIM won on time"]

1. d4 e6 2. c4 f5 3. g3 Nf6 4. Bg2 g6 5. Nf3 Bg7 6. O-O O-O 7. b3 d6 8. Bb2 c6 9. Nc3 Qc7 10. Qc2 e5 11. dxe5 dxe5 12. e4 f4 13. Ne2 Nbd7 14.
gxf4 Nh5 15. fxe5 Nxe5 16. Nxe5 Bxe5 17. Bxe5 Qxe5 18. Qd2 Bg4 19. f3 Bxf3 20. Bxf3 Rxf3 21. Rxf3 Qxa1+ 22. Kg2 Qe5 23. Qd4 Qg5+ 24. Kf1 Rd8 25.
Qa1 Qg4 26. Qc3 Rd1+ 27. Kf2 Qh4+ 28. Kg2 Qg5+ 29. Kf2 Rd2 30. Ke1 Rxa2 31. Qd4 Qh4+ 32.
Kf1 Ra5 33. c5 Ra2 34. b4 Ra6 35. Qd7 Ra1+ 36. Kg2 Qg5+ 37. Kh3 Nf4+ 38. Nxf4 Qh6+ 39. Kg2 Qg5+ 40. Kf2 Qh4+ 41. Kg2 Ra2+ 42. Kf1 Ra1+ 43. Ke2 Ra2+ 44. Kd3 1-0

[Event "*** Titled Tuesday Blitz"]
[Site "Chess.com"]
[Date "2020.05.26"]
[Round "5"]
[White "Blitzstream"]
[Black "SameerMujumdar"]
[Result "1-0"]
[WhiteElo "2684"]
[BlackElo "2319"]
[TimeControl "180+1"]
[EndTime "10:56:43 PDT"]
[Termination "Blitzstream won by resignation"]

1. d4 Nf6 2. Bg5 c5 3. Bxf6 gxf6 4. d5 f5 5. c4 Bg7 6. Qc2 d6 7. Nc3 O-O 8. e3 e5 9. Bd3 e4 10. Be2 Nd7 11. Nh3 Ne5 12. Nf4 Ng6 13. g3 Bd7 14. h4 Kh8 15. Nh5 Be5 16. Nf4 a6 17. h5 Nxf4 18.
gxf4 Bf6 19. h6 Rg8 20. O-O-O b5 21. Bh5 Qe7 22. Rhg1 Rgb8 23. Rg3 b4 24. Nb1 a5 25. Rdg1 a4 26. Qd1 Qf8 27. Rg7 Be8 28. Qf1 a3 29. b3 Bd7 30. Qh3 Re8 31. Rxf7 Bb2+ 32. Kc2 Qxh6 33.
Rxd7 Rg8 34. Rg5 Rxg5 35. fxg5 Qxg5 36. Be2 Qg6 37. Bh5 Qf6 38. Bg4 Qg6 39. Bxf5 Qg8 40.
Rxh7+ 1-0

[Event "*** Titled Tuesday Blitz"]
[Site "Chess.com"]
[Date "2020.05.26"]
[Round "5"]
[White "TheSodabread"]
[Black "KingChess345"]
[Result "0-1"]
[WhiteElo "1983"]
[BlackElo "2187"]
[TimeControl "180+1"]
[EndTime "10:56:43 PDT"]
[Termination "KingChess345 won by resignation"]

1. d4 Nf6 2. Nc3 e6 3. e4 d5 4. e5 Nfd7 5. Nf3 c5 6. Bg5 Qb6 7. dxc5 Bxc5 8. Qd2 Nc6 9. Bd3 Ndxe5 10. Nxe5 Nxe5 11. O-O h6 12. Bh4 Nxd3 13. Qxd3 Bd7 14. Rfe1 O-O 15. Rab1 Rac8 16. Re5 Bd4 17. Ree1 Rc4 18.
Qg3 Qc7 19. Ne2 Qxg3 20. Bxg3 Bf6 21. c3 Rfc8 22. Rbd1 Bb5 23. Nf4 g6 24. Nd3 Kg7 25. Nb4 a5 26. Nd3 Ra4 27. a3 Bxd3 28. Rxd3 Rc6 29.
Be5 Rb6 30. Bxf6+ Kxf6 31. Re2 Rc4 32. Rf3+ Ke7 33. g3 h5 34. Rd3 a4 35. Rxd5 Rxb2 36. Rxb2 exd5 37. Rxb7+ Ke6 38. Rb6+ Ke5 39. Rb7 Rxc3 40.
Rxf7 Rxa3 41. Re7+ Kf6 42. Rd7 Ke6 43. Rg7 Kf6 44. Rd7 Ke5 45. Rg7 d4 46. Rxg6 d3 47.
Rg5+ Kd4 48. Rxh5 d2 49. Rh4+ Kd3 0-1

[Event "*** Titled Tuesday Blitz"]
[Site "Chess.com"]
[Date "2020.05.26"]
[Round "5"]
[White "AnthonyWirig"]
[Black "Orest_Vovk"]
[Result "1-0"]
[WhiteElo "2695"]
[BlackElo "2431"]
[TimeControl "180+1"]
[EndTime "10:56:44 PDT"]
[Termination "AnthonyWirig won by checkmate"]

1. d4 Nf6 2. Bg5 e6 3. e3 h6 4. Bh4 Nc6 5. Nd2 g5 6. Bg3 Bg7 7. h4 g4 8. h5 d6 9. Bb5 Bd7 10.
Ne2 e5 11. c3 Qe7 12. Qc2 O-O 13. Bd3 d5 14. dxe5 Nxe5 15. Bxe5 Qxe5 16. Ng3 Rfe8 17.
Bf5 Bxf5 18. Qxf5 Ne4 19. Ndxe4 Qxf5 20. Nxf5 dxe4 21. Rd1 Rad8 22. Rxd8 Rxd8 23. Rh4 Kh7 24. Rxg4 Bf6 25. Rxe4 Rd5 26. g4 Rb5 27. Rb4 Rxb4 28. cxb4 Bxb2 29. b5 a6 30. bxa6 bxa6 31. Kd2 Be5 32. Kd3 Bb2 33. f4 Bc1 34. Kc2 Ba3 35. Kb3 Bf8 36. Ka4 f6 37. Ka5 Kg8 38. Kxa6 Kf7 39.
Kb5 Ke6 40. Kc6 Ba3 41. Nxh6 Bc1 42. Nf5 Ba3 43. h6 Kf7 44. h7 Kg6 45. h8=Q Bf8 46. Qg8+ Bg7 47. Qxg7# 1-0

[Event "*** Titled Tuesday Blitz"]
[Site "Chess.com"]
[Date "2020.05.26"]
[Round "5"]
[White "albano87"]
[Black "PKCLUB"]
[Result "1-0"]
[WhiteElo "2381"]
[BlackElo "2606"]
[TimeControl "180+1"]
[EndTime "10:56:44 PDT"]
[Termination "albano87 won by resignation"]

1. d4 Nf6 2. Nf3 e6 3. g3 b5 4.
Bg2 d5 5. O-O Nbd7 6. a4 b4 7. c4 bxc3 8. Nxc3 c5 9. Bf4 Ba6 10. Nb5 Bxb5 11. axb5 Qb6 12. Qa4 cxd4 13. Rfc1 Bc5 14. b4 Be7 15. Bc7 Qb7 16. Nxd4 O-O 17. Nc6 Rfe8 18. Nxe7+ Rxe7 19. Qa6 Qxa6 20. Rxa6 Ree8 21.
Rca1 Rac8 22. Rxa7 e5 23. b6 g5 24. R1a5 Re6 25.
Ra8 Rxa8 26. Rxa8+ Kg7 27. b7 Rc6 28. Rc8 Rc1+ 29.
Bf1 Rb1 30. Bxe5 Rxb4 31. b8=Q Nxb8 32. Bxb8 Re4 33. e3 Re7 34. Bd6 Re6 35. Rd8 Ne4 36. Bf8+ Kg6 37. Bd3 f5 38. Rxd5 Rf6 39. Bxe4 fxe4 40.
Be7 Rc6 41. Rxg5+ Kf7 42. Bc5 Ra6 43. Rd5 Ra5 44. Kg2 Ke6 45. Rg5 h6 46. Rh5 Kf7 47. h4 Kg6 48. Re5 Kf7 49. Bd4 Ra2 50. Rxe4 Kg6 51.
Rf4 Rc2 52. Kf3 1-0

[Event "*** Titled Tuesday Blitz"]
[Site "Chess.com"]
[Date "2020.05.26"]
[Round "5"]
[White "BLITZMASTER"]
[Black "1f3_2g41-0"]
[Result "1-0"]
[WhiteElo "2487"]
[BlackElo "2260"]
[TimeControl "180+1"]
[EndTime "10:56:44 PDT"]
[Termination "BLITZMASTER won on time"]

1. e4 c5 2. Nf3 d6 3. d4 cxd4 4. Nxd4 Nf6 5. Nc3 a6 6. Be2 e5 7. Nb3 Be7 8. Be3 O-O 9. g4 Be6 10. g5 Nfd7 11. Rg1 Nc6 12. Bg4 Qe8 13. h4 Rd8 14.
Nd5 Nc5 15. f3 b5 16. Qd2 Bxg4 17. Rxg4 Ne6 18. O-O-O f5 19. gxf6 Bxf6 20. Rdg1 Rd7 21. Kb1 Bd8 22. R1g3 Qh5 23. Nb6 Bxb6 24. Bxb6 Rxf3 25.
Qd5 Rf1+ 26. Nc1 Rdf7 27. Qxe6 g6 28. Be3 Nd4 29. Bxd4 exd4 30. Qd5 Qh6 31. Qg5 Qg7 32. h5 d3 33. cxd3 Rc7 34. hxg6 Rcxc1+ 35. Qxc1 Rxc1+ 36. Kxc1 h5 37. Rg5 Qc7+ 38. Kd1 h4 39. Rg1 Qa5 40. g7 Qxa2 41. Kc2 Qa4+ 42. Kc1 Qa1+ 43. Kc2 Qa4+ 44. Kb1 Qb3 45. Rf5 Qxd3+ 46. Ka1 1-0

[Event "*** Titled Tuesday Blitz"]
[Site "Chess.com"]
[Date "2020.05.26"]
[Round "5"]
[White "bilelou"]
[Black "temus_galaktionov"]
[Result "1-0"]
[WhiteElo "2513"]
[BlackElo "2694"]
[TimeControl "180+1"]
[EndTime "10:56:45 PDT"]
[Termination "bilelou won on time"]

1. e4 c6 2. d4 g6 3. Nc3 Bg7 4.
Be3 d6 5. Qd2 Nd7 6. h4 Ngf6 7.
Be2 e5 8. h5 Qa5 9. h6 Bf8 10.
a3 Be7 11. f3 Nh5 12. g4 Ng3 13. Rh3 Nxe2 14. Ngxe2 O-O 15. O-O-O Nb6 16. Nb1 Qa6 17. Qd3 Qxd3 18. cxd3 Be6 19. Nbc3 Rac8 20. Rg3 c5 21. d5 Bd7 22. f4 exf4 23. Bxf4 a6 24. g5 Na8 25. e5 dxe5 26. Bxe5 Rfe8 27. Ne4 Bf5 28. N2c3 Bd8 29. Nf6+ Bxf6 30. Bxf6 Nb6 31. d6 Rc6 32. Be7 Nc8 33. Nd5 Nxe7 34. Nxe7+ Rxe7 35. dxe7 Re6 36. d4 c4 37. d5 Rxe7 38. d6 Rd7 39. Re3 Kf8 40. Rde1 Be6 41. Rd1 Bf5 42. Rd4 Bd3 43. Kd2 b5 44. Kc3 Bf5 45. Kb4 Be6 46. Kc5 Rd8 47.
Kb6 Ke8 48. Kxa6 Rb8 49. d7+ Kd8 50. Re5 1-0

[Event "*** Titled Tuesday Blitz"]
[Site "Chess.com"]
[Date "2020.05.26"]
[Round "5"]
[White "larisakalinina"]
[Black "chesslh19"]
[Result "0-1"]
[WhiteElo "1950"]
[BlackElo "2162"]
[TimeControl "180+1"]
[EndTime "10:56:47 PDT"]
[Termination "chesslh19 won on time"]

1. e4 c5 2. Nf3 d6 3. d4 cxd4 4. Nxd4 Nf6 5. Nc3 e6 6. f4 Nc6 7.
Nf3 Be7 8. Bd3 O-O 9. O-O a6 10. a4 Qc7 11. Qe1 Nb4 12. e5 dxe5 13. fxe5 Nxd3 14. cxd3 Nd5 15. Bd2 Nxc3 16. bxc3 Bd7 17. Ng5 h6 18. Nf3 Bc6 19. d4 Kh7 20. Qg3 Bd5 21. Nh4 g5 22. Nf3 f5 23. Nxg5+ Bxg5 24. Bxg5 hxg5 25. Qxg5 Qg7 26. Qh4+ Qh6 27. Qf2 Rg8 28.
g3 f4 29. Qxf4 Qxf4 30. Rxf4 Raf8 31. Raf1 Kg7 32. Rxf8 Rxf8 33. h4 Rxf1+ 34. Kxf1 b6 35. g4 Bc6 36. Kf2 Bxa4 37. c4 Bb3 38. d5 Bxc4 39.
d6 Bb5 40. Ke3 Bd7 41. Kd4 a5 0-1

[Event "*** Titled Tuesday Blitz"]
[Site "Chess.com"]
[Date "2020.05.26"]
[Round "5"]
[White "VitaliyBernadskiy"]
[Black "VojtechPlat"]
[Result "1-0"]
[WhiteElo "2709"]
[BlackElo "2880"]
[TimeControl "180+1"]
[EndTime "10:56:48 PDT"]
[Termination "VitaliyBernadskiy won by resignation"]

1. Nf3 d6 2. Nc3 e5 3. g3 Nf6 4. Bg2 Nbd7 5. O-O a5 6. d3 Be7 7. e4 O-O 8. h3 c6 9. a4 Nc5 10. Be3 Nfd7 11. d4 exd4 12. Nxd4 Nb6 13. b3 Bf6 14.
Qd2 Re8 15. Rad1 Qe7 16. Kh2 Qf8 17. f4 Bd7 18. Qf2 Rad8 19. Rd2 Bc8 20. Rfd1 Na8 21.
Nde2 Ne6 22. e5 dxe5 23. Ne4 Be7 24. f5 Rxd2 25. Rxd2 Nec7 26. f6 gxf6 27. Nxf6+ Bxf6 28. Qxf6 Qg7 29. Qh4 Ne6 30. Be4 f6 31. Bh6 Qf7 32.
Nc3 Nd4 33. Rf2 f5 34. g4 f4 35. Bd3 Re6 36. Ne4 Qe7 37. Bg5 Qf7 38. Bc4 Nc7 39.
Nf6+ Kh8 40. Nxh7 Qxh7 41. Bf6+ Kg8 42. Qg5+ Kf8 43. Bxe5 Nd5 44. Bxd5 cxd5 45. Qxf4+ Ke7 46. Qf8+ Kd7 47. Rf7+ Qxf7 48. Qxf7+ Kc6 49. Bxd4 Re2+ 50. Kg3 1-0

[Event "*** Titled Tuesday Blitz"]
[Site "Chess.com"]
[Date "2020.05.26"]
[Round "5"]
[White "ADODOVE"]
[Black "nitpicker"]
[Result "0-1"]
[WhiteElo "2004"]
[BlackElo "2280"]
[TimeControl "180+1"]
[EndTime "10:56:48 PDT"]
[Termination "nitpicker won on time"]

1. e4 c5 2. Nf3 e6 3. d4 cxd4 4. Nxd4 a6 5. Bd3 g6 6. O-O Bg7 7. Nf3 Ne7 8. c4 Nbc6 9. Nc3 O-O 10. Qe2 b6 11. Rd1 Bb7 12. Bf4 d6 13. e5 d5 14. cxd5 Nxd5 15. Nxd5 exd5 16. e6 Qf6 17. e7 Qxe7 18. Qxe7 Nxe7 19. Bd6 Rfe8 20. Rac1 Rac8 21. Bc7 b5 22. b3 Nc6 23. Bb6 Nb4 24. Bb1 Bb2 25.
Rxc8 Rxc8 26. Bd4 Rc1 27. Rxc1 Bxc1 28. Ne5 Bf4 29. Nd7 h5 30. Nf6+ Kf8 31. Bc5+ Kg7 32. Ne8+ Kh7 33. Bxb4 d4 34. Bd6 Bc1 35. Be5 Bb2 36.
Nf6+ Kh6 37. Nd7 f5 38. Nc5 Bc8 39. Nd3 Bc3 40. Kf1 g5 41. Ke2 f4 42. f3 Bf5 43. Bc2 Kg6 44. g3 fxg3 45. hxg3 h4 46. gxh4 gxh4 47. Nf4+ Kg5 48. Ne6+ Bxe6 49. Kd3 Bf5+ 50.
Ke2 Bxc2 51. Bxd4 Bxd4 52. Kd2 Bf5 53. Ke1 h3 54. Kf1 Bd3+ 0-1

[Event "*** Titled Tuesday Blitz"]
[Site "Chess.com"]
[Date "2020.05.26"]
[Round "5"]
[White "VerdeNotte"]
[Black "mbachez"]
[Result "1-0"]
[WhiteElo "2773"]
[BlackElo "2533"]
[TimeControl "180+1"]
[EndTime "10:56:49 PDT"]
[Termination "VerdeNotte won on time"]

1. e4 e6 2. d4 d5 3. Nd2 h6 4. Ngf3 Nf6 5. Bd3 c5 6. e5 Nfd7 7. c3 Nc6 8. Bc2 Qb6 9. Nb3 a5 10. a4 g5 11. h3 cxd4 12. cxd4 Nb4 13. Bb1 Qa6 14. Ng1 b6 15. Ne2 Qc4 16. Nd2 Qc6 17.
Ra3 Ba6 18. O-O Rc8 19. Rc3 Qb7 20. Rxc8+ Qxc8 21. f4 Be7 22. f5 Nd3 23. fxe6 fxe6 24. Qb3 Nb4 25. Bg6+ Kd8 26. Qd1 Rf8 27. Bh5 Rxf1+ 28.
Nxf1 Qc2 29. Nc3 Qxd1 30. Bxd1 Nb8 31. b3 N8c6 32. Be3 Nd3 33. Nh2 Ndxe5 34. dxe5 d4 35.
Bd2 dxc3 36. Bxc3 Bc5+ 37. Kh1 Bd4 38. Bxd4 Nxd4 39. h4 gxh4 40. Ng4 Nf5 41. Bc2 1-0

[Event "*** Titled Tuesday Blitz"]
[Site "Chess.com"]
[Date "2020.05.26"]
[Round "5"]
[White "Kirill_Klukin"]
[Black "Chessmatus"]
[Result "0-1"]
[WhiteElo "2690"]
[BlackElo "2504"]
[TimeControl "180+1"]
[EndTime "10:56:49 PDT"]
[Termination "Chessmatus won by checkmate"]

1. d4 Nf6 2. Nf3 g6 3. e3 Bg7 4. Be2 O-O 5. O-O d5 6. b4 a5 7. b5 c5 8. bxc6 Nxc6 9. Nbd2 Bf5 10. a3 Rc8 11. c4 dxc4 12. Nxc4 Ne4 13. Bb2 b5 14. Ncd2 Nxd2 15. Nxd2 Qb6 16. Qb3 Rb8 17. Rfc1 Rfc8 18. Rc5 Be6 19. Qd1 Na7 20. Rac1 Rxc5 21. Rxc5 Rc8 22. Ne4 Rxc5 23. Nxc5 Bd5 24. Bf3 Qc6 25.
Bxd5 Qxd5 26. h3 Nc6 27. Qc2 e5 28. e4 Qa2 29. Nd7 h5 30. Qxc6 Qxb2 31. dxe5 Qa1+ 32. Kh2 Bxe5+ 33. g3 Qb2 34. Qc8+ Kh7 35. Kg2 Bd4 36. Nf8+ Kg7 37. h4 Qxf2+ 38. Kh3 Qf1+ 39. Kh2 Qg1+ 40. Kh3 Qh1# 0-1

[Event "*** Titled Tuesday Blitz"]
[Site "Chess.com"]
[Date "2020.05.26"]
[Round "5"]
[White "levallem"]
[Black "Makswolf200817"]
[Result "1-0"]
[WhiteElo "2174"]
[BlackElo "2385"]
[TimeControl "180+1"]
[EndTime "10:56:49 PDT"]
[Termination "levallem won by checkmate"]

1. d4 d5 2. c4 c6 3. cxd5 cxd5 4. Nc3 Nf6 5. Nf3 Nc6 6. Bf4 a6 7. e3 e6 8. Bd3 Bd6 9. Bxd6 Qxd6 10. Rc1 O-O 11.
O-O b5 12. Qc2 Bb7 13. a3 Rac8 14. Qb1 h6 15. b4 Nd7 16. Nd2 Nb6 17. Nb3 Nc4 18. Nc5 Ba8 19. Bxc4 dxc4 20. Nxa6 Nxd4 21. Nc5 Nf5 22. Nxb5 Qc6 23. e4 Qxb5 24. exf5 Qc6 25. f3 exf5 26. Qxf5 Rfe8 27. Rxc4 Re2 28. Rc2 Rce8 29.
Qd3 R2e3 30. Qd7 Qg6 31. Rcf2 Re2 32. Qd3 Rxf2 33. Rxf2 Qg5 34. Qd2 Qf6 35. Re2 Qa1+ 36. Kf2 Rf8 37. Re3 Bc6 38. Kg3 Qf6 39. h3 Rd8 40.
Qe2 Qd6+ 41. Kf2 Qh2 42. Ne4 Ra8 43. Ng3 h5 44. Qc4 Rc8 45. Re7 Rf8 46. Qd4 h4 47.
Nf5 Qh1 48. Qxg7# 1-0

[Event "*** Titled Tuesday Blitz"]
[Site "Chess.com"]
[Date "2020.05.26"]
[Round "5"]
[White "ManuDavid2910"]
[Black "Agnes66678"]
[Result "1-0"]
[WhiteElo "2698"]
[BlackElo "2472"]
[TimeControl "180+1"]
[EndTime "10:56:50 PDT"]
[Termination "ManuDavid2910 won by resignation"]

1. e4 d6 2. Nf3 e5 3. Nc3 Nf6 4. d4 Nbd7 5. Bc4 Be7 6. O-O O-O 7. Re1 c6 8. Bb3 a5 9. a4 h6 10. h3 Re8 11. Be3 Qc7 12. Qd2 Bf8 13. Rad1 exd4 14.
Nxd4 Nc5 15. f3 Nxb3 16. Nxb3 Be6 17. Nd4 Rad8 18. Bf4 Qb6 19. b3 Nd7 20. Kh2 Nc5 21. Be3 Qc7 22. Kg1 Bc8 23. Qf2 g6 24. Qg3 Bg7 25.
Nce2 Ne6 26. Nxe6 Bxe6 27. Nf4 d5 28. Qf2 d4 29. Nxe6 dxe3 30. Nxc7 exf2+ 31. Kxf2 Rxd1 32.
Rxd1 Rc8 33. Rd7 Be5 34. Ne8 Rxe8 35. Rxb7 Bc3 36. Rc7 Bd4+ 37. Ke2 c5 38. Kd3 Rd8 39. Kc4 Ra8 40. f4 Be3 41. g3 h5 42. e5 h4 43.
gxh4 Kf8 44. Kd5 Ra6 45. Ke4 Bf2 46. h5 gxh5 47. f5 Rb6 48. f6 Ke8 49. Re7+ Kf8 50.
Ra7 Kg8 51. Rxa5 Re6 52. c3 Bg3 53. Rxc5 Kh7 54. a5 Kg6 55. b4 Bf2 56. Rd5 Kg5 57. b5 Kh4 58. b6 Kxh3 59. b7 Re8 60. c4 Kg2 61. Rd7 h4 62. Rxf7 h3 63. Rg7+ Bg3 64. f7 Rb8 65. a6 h2 66. Rh7 Bf2 67. e6 h1=Q 68. Rxh1 Kxh1 69. e7 1-0

[Event "*** Titled Tuesday Blitz"]
[Site "Chess.com"]
[Date "2020.05.26"]
[Round "5"]
[White "keepitcool9499"]
[Black "Twitch_ElhamBlitz05"]
[Result "1-0"]
[WhiteElo "2444"]
[BlackElo "2585"]
[TimeControl "180+1"]
[EndTime "10:56:50 PDT"]
[Termination "keepitcool9499 won on time"]

1. d4 Nf6 2. c4 e6 3. Nc3 d5 4. Nf3 Bb4 5. Bd2 O-O 6. e3 c5 7. a3 Bxc3 8. Bxc3 cxd4 9. Nxd4 dxc4 10. Bxc4 Nbd7 11. O-O Qe7 12. Bb4 Nc5 13. Nb3 b6 14. Qd4 Rd8 15. Bxc5 Rxd4 16. Bxe7 Rxc4 17. Bxf6 gxf6 18. Rac1 Ba6 19. Nd4 Rac8 20. Rxc4 Rxc4 21. Rd1 Kg7 22. f3 Bc8 23. Rd2 Rc1+ 24. Kf2 Ba6 25. e4 Rf1+ 26. Kg3 Bc4 27. Nc2 Rb1 28. Ne3 Bb3 29. Kf2 a5 30. f4 a4 31. f5 e5 32. Re2 b5 33. Kg3 Rc1 34. Kf2 Rb1 35. g3 h6 36. h3 h5 37. h4 Rc1 38. Kg2 Ba2 39. Rd2 Bb1 40. Kf3 Rc7 41. Nd5 1-0

[Event "*** Titled Tuesday Blitz"]
[Site "Chess.com"]
[Date "2020.05.26"]
[Round "5"]
[White "GOGIEFF"]
[Black "Doraemon7"]
[Result "1/2-1/2"]
[WhiteElo "2888"]
[BlackElo "2643"]
[TimeControl "180+1"]
[EndTime "10:56:51 PDT"]
[Termination "Game drawn by repetition"]

1. d4 d5 2. c4 c6 3. Nc3 Nf6 4. Nf3 e6 5. Bg5 dxc4 6. e4 b5 7. e5 h6 8. Bh4 g5 9. Nxg5 hxg5 10. Bxg5 Be7 11. exf6 Bxf6 12. Be3 Na6 13. Be2 Bb7 14.
a4 Nb4 15. axb5 cxb5 16. Nxb5 Bxg2 17. Rg1 Be4 18. Qa4 Nc2+ 19. Kf1 Kf8 20. Nc3 Nxe3+ 21. fxe3 Bg6 22. Rg2 Bh4 23. Qxc4 Rc8 24. Qb4+ Be7 25. Qb7 Rb8 26. Qf3 Kg7 27. Bd3 Rf8 28. Rxa7 Rxb2 29. Rxb2 Bxd3+ 30. Kg1 Bg5 31. Rg2 Bg6 32. Ne4 Bh6 33.
Nc5 Qh4 34. Nxe6+ Kh8 35. Qg3 Qe4 36. Nxf8 Bxe3+ 37. Rf2 Qb1+ 38. Kg2 Be4+ 39. Kh3 Bf5+ 40. Rxf5 Qxf5+ 41. Qg4 Qf1+ 42. Kh4 Qf6+ 43. Kg3 Qf2+ 44. Kh3 Qf1+ 45. Kh4 Qf6+ 46. Kh3 Qf1+ 1/2-1/2

[Event "*** Titled Tuesday Blitz"]
[Site "Chess.com"]
[Date "2020.05.26"]
[Round "5"]
[White "MidnightFox"]
[Black "vinniethepooh"]
[Result "0-1"]
[WhiteElo "2401"]
[BlackElo "2569"]
[TimeControl "180+1"]
[EndTime "10:56:51 PDT"]
[Termination "vinniethepooh won by checkmate"]

1. e4 c5 2. Nf3 d6 3. Bb5+ Nd7 4. Ba4 a6 5. c4 Nf6 6. Nc3 e5 7. d3 Be7 8. O-O O-O 9. Ne1 Nb8 10. g3 Nc6 11. f4 Nd4 12. Be3 Rb8 13. Bxd4 cxd4 14.
Nd5 Nxd5 15. cxd5 f5 16. Bc2 Qb6 17. Bb3 fxe4 18. dxe4 Bh3 19. Rf2 exf4 20. Qh5 fxg3 21. Rxf8+ Rxf8 22. Qxh3 d3+ 23. Kh1 d2 24. Ng2 Qf2 25.
Rg1 gxh2 26. Kxh2 Rf6 27. Bd1 Rh6 28. Bh5 g6 29. Qe6+ Kf8 30. Qc8+ Kg7 31. Qg4 Rxh5+ 32.
Qxh5 gxh5 33. Kh3 Bg5 34. Rd1 Kh6 35. Kh2 Bf4+ 36. Kh1 Qf3 37. Ra1 d1=Q+ 38. Rxd1 Qxd1+ 39. Ne1 Qxe1+ 40. Kg2 Qe2+ 41. Kh3 Qf3+ 42. Kh4 Qg4# 0-1

[Event "*** Titled Tuesday Blitz"]
[Site "Chess.com"]
[Date "2020.05.26"]
[Round "5"]
[White "chess94cu"]
[Black "Jadeit90"]
[Result "1-0"]
[WhiteElo "2459"]
[BlackElo "2315"]
[TimeControl "180+1"]
[EndTime "10:56:51 PDT"]
[Termination "chess94cu won by checkmate"]

1. d4 g6 2. c4 Bg7 3. Nc3 c5 4. e3 cxd4 5. exd4 Nf6 6. Nf3 O-O 7. d5 d6 8. Be2 e5 9. dxe6 Bxe6 10. O-O d5 11.
Nd4 Bc8 12. Bg5 dxc4 13. Bxc4 h6 14. Bh4 g5 15. Bg3 Nc6 16. Nxc6 bxc6 17. Qxd8 Rxd8 18. Rac1 Bf5 19. Rfd1 Ne4 20. Nxe4 Bxe4 21. b3 Bd5 22. Bc7 Rd7 23. Ba5 Re8 24. h3 Ree7 25. Bf1 Be5 26. Bb4 Re8 27. Bc3 Bxc3 28. Rxc3 Rde7 29. Rcc1 Kg7 30.
f3 Kf6 31. Kf2 Rb8 32. Rc5 h5 33. g3 h4 34. gxh4 gxh4 35. Rd4 Rh8 36. Ra5 Ke6 37.
Raa4 Kd6 38. Rxh4 Rxh4 39. Rxh4 Kc5 40. Rf4 Re5 41. h4 Kd6 42. Bh3 Rh5 43. Ra4 a5 44. Kg3 Re5 45. Rxa5 Re3 46. Bg4 Re1 47. h5 Rg1+ 48.
Kf2 Rh1 49. Ra4 Ke5 50. Kg3 f5 51. f4+ Kf6 52. Be2 Re1 53. Kf2 Rh1 54. Ra7 Rh2+ 55. Ke3 Rh3+ 56. Kd2 Rh2 57. Ke3 Rh3+ 58. Kd4 Rh2 59. Bc4 Be4 60. Rf7# 1-0

[Event "*** Titled Tuesday Blitz"]
[Site "Chess.com"]
[Date "2020.05.26"]
[Round "5"]
[White "Echecmat"]
[Black "WonderChampion"]
[Result "1-0"]
[WhiteElo "2147"]
[BlackElo "1917"]
[TimeControl "180+1"]
[EndTime "10:56:51 PDT"]
[Termination "Echecmat won by checkmate"]

1. d4 d5 2. c4 e6 3. Nf3 c6 4. e3 Nf6 5. b3 b6 6. Bb2 Bb7 7. Bd3 Bd6 8. O-O O-O 9. Nbd2 Nbd7 10. Ne5 Qc7 11. f4 c5 12. Rc1 Qd8 13. Qf3 Rb8 14.
Qh3 h6 15. g4 Ne4 16. Nxe4 dxe4 17. Be2 Bxe5 18. dxe5 Qc7 19. Rcd1 Rbd8 20. Qg3 f6 21.
exf6 Nxf6 22. g5 hxg5 23. Qxg5 Qf7 24. Kh1 Rxd1 25. Rxd1 Nh7 26. Qg3 Nf6 27. h4 Re8 28. Kg2 Re7 29. Kf2 Kf8 30. Qg5 Nh7 31. Qe5 Qf6 32.
Qb8+ Re8 33. Bxf6 Rxb8 34. Be5 Re8 35. Bh5 Rc8 36. Rd7 Bc6 37. Rf7+ Kg8 38. Rxg7+ Kf8 39. Rxh7 Rd8 40. Rh8+ Ke7 41. Bf6+ Kxf6 42. Rxd8 Kg7 43. Be2 Kh6 44. h5 Bb7 45. Kg3 Bc6 46. Kh4 a6 47.
Rd6 Bb7 48. Rxe6+ Kh7 49. Kg5 b5 50. Re7+ Kh8 51. Kg6 a5 52. Re8# 1-0

[Event "*** Titled Tuesday Blitz"]
[Site "Chess.com"]
[Date "2020.05.26"]
[Round "5"]
[White "lucliasco"]
[Black "eljanov"]
[Result "1-0"]
[WhiteElo "2706"]
[BlackElo "2866"]
[TimeControl "180+1"]
[EndTime "10:56:52 PDT"]
[Termination "lucliasco won on time"]

1. d4 Nf6 2. Nf3 e6 3. e3 b6 4. Bd3 Bb7 5. O-O c5 6. b3 Nc6 7. Bb2 Be7 8. Nbd2 O-O 9. a3 d5 10. Ne5 Rc8 11. f4 Na5 12. Qe2 Ne4 13. Rad1 f6 14. Nef3 Qe8 15. c4 Qf7 16. cxd5 exd5 17. dxc5 bxc5 18. Ba6 Nxd2 19. Nxd2 Rfd8 20. Bc3 Bxa6 21.
Qxa6 Nc6 22. Nf3 Bf8 23. Rfe1 Qe6 24. b4 cxb4 25. Bxb4 Rb8 26. Bxf8 Kxf8 27. h3 Rb6 28. Qd3 Kg8 29. Kh2 Rb2 30. Nd4 Nxd4 31. Qxd4 Rc2 32. e4 Qb6 33. exd5 Qxd4 34. Rxd4 Rd7 35. d6 Kf7 36. f5 Rc6 37. Re6 h5 38. a4 a6 39.
Kg3 Rc5 40. Kf4 Rc2 41. Ke4 Rxg2 42. Kd5 Rc2 43. Rc4 Rxc4 44. Kxc4 g6 45. Kd5 gxf5 46.
Re1 1-0